 Dungeon Crawl Stone Soup version 0.19.1-1-g22dce08 (webtiles) character file.

35 Gargoyl the Skirmisher (level 3, -4/33 HPs)
             Began as a Ghoul Abyssal Knight on Jan 4, 2017.
             Was a Follower of Lugonu.
             Killed from afar by Ijyb (5 damage)
             ... with a wand of flame
             ... on level 2 of the Dungeon.
             The game lasted 00:04:46 (858 turns).

Gargoyl the Skirmisher (Ghoul Abyssal Knight)        Turns: 858, Time: 00:04:47

Health: -4/33      AC:  8    Str: 16    XL:     3   Next: 35%
Magic:  3/3        EV:  9    Int:  7    God:    Lugonu [*.....]
Gold:   73         SH:  0    Dex: 11    Spells: 0 memorised, 2 levels left

rFire  . . .     SeeInvis .     a - +1 hand axe
rCold  + . .     Gourm    .     b - +0 scale mail
rNeg   + + +     Faith    .     (no shield)
rPois  ∞         Spirit   .     p - +0 helmet
rElec  .         Reflect  .     (no cloak)
rCorr  .         Harm     .     e - +0 pair of gloves
MR     .....                    (no boots)
Stlth  ..........               (no amulet)
                                (no ring)
                                n - +3 ring of dexterity

@: very slightly contaminated, rotting, hasted, very quick
A: rotting body, claws 1, carnivore 3, cold resistance 1, negative energy
resistance 3, slow regeneration 1, torment resistance, unbreathing
a: Depart the Abyss, Renounce Religion


You were on level 2 of the Dungeon.
You worshipped Lugonu.
Lugonu was aware of your devotion.
You were not hungry.

You visited 1 branch of the dungeon, and saw 2 of its levels.
You visited the Abyss 1 time.

You collected 73 gold pieces.

Inventory:

Hand Weapons
 a - a +1 hand axe (weapon)
Armour
 b - a +0 scale mail (worn)
 e - a +0 pair of gloves (worn)
 p - a +0 helmet (worn)
Jewellery
 n - a +3 ring of dexterity (left hand)
Scrolls
 d - a scroll of identify
 f - 2 scrolls of noise {unknown}
 g - a scroll of fear {unknown}
 h - a scroll of enchant weapon {unknown}
 i - a scroll of teleportation {unknown}
 k - a scroll of immolation {unknown}
 m - a scroll of recharging {unknown}
 o - a scroll of remove curse {unknown}
Comestibles
 c - a meat ration
 j - 11 chunks of flesh
 l - a royal jelly


   Skills:
 + Level 3.8 Fighting
 + Level 2.2 Axes
 * Level 2.2 Armour
 + Level 1.0 Dodging
 * Level 2.2 Invocations


You had 2 spell levels left.
You didn't know any spells.

Dungeon Overview and Level Annotations

Branches:
Dungeon (2/15)

Altars:

Annotations:
D:2 Ijyb


Innate Abilities, Weirdness & Mutations

Your body is rotting away.
You thrive on raw meat.
You are immune to poison.
You have sharp fingernails.
You are carnivorous and can eat meat at any time.
Your flesh is cold resistant. (rC+)
You are immune to negative energy. (rN+++)
You regenerate slowly when monsters are visible.
You are immune to unholy pain and torment.
You can survive without breathing.


Message History

Ijyb hits you with a club. Ijyb hits you but does no damage.
You barely miss Ijyb.
Ijyb is lightly wounded.
Ijyb zaps a wand.
The puff of flame hits you!
* * * LOW HITPOINT WARNING * * *
Ijyb hits you with a club.
* * * LOW HITPOINT WARNING * * *
You barely miss Ijyb.
Ijyb is lightly wounded.
Ijyb misses you.
Okay, then.
Okay, then.
Okay, then.
You feel yourself speed up. Ijyb hits you with a club.
* * * LOW HITPOINT WARNING * * *
Ijyb hits you but does no damage.
You are very lightly contaminated with residual magic.
Ijyb screams, "I cut your head off!"
Ijyb zaps a wand.
The puff of flame hits you!
You die...

#
#........#..#...#
.
#........##.#####
## #........##.##
# #........##.|#
#........###.#
#........# #.##
#.######## #..#
####.### #...@..#
#......# #...g..#
#......# #......#
#####..# #.# .#
.#


You could see Ijyb.

Vanquished Creatures
  3 dart slugs
  A leopard gecko (D:1)
  4 hobgoblins
  7 kobolds
  A ball python (D:1)
  3 bats (D:1)
  2 frilled lizards (D:2)
  2 goblins
  6 rats
29 creatures vanquished.

Notes
Turn   | Place    | Note
-------+----------+-------------------------------------------
     0 | Abyss:1  | Gargoyl the Ghoul Abyssal Knight began the quest for the Orb.
     0 | Abyss:1  | Reached XP level 1. HP: 19/19 MP: 1/1
    55 | Abyss:2  | Found a corrupted altar of Lugonu.
    76 | Abyss:2  | Noticed a purple very ugly thing
    76 | Abyss:2  | Noticed a purple ugly thing
    76 | Abyss:2  | Noticed a purple ugly thing
    76 | Abyss:2  | Noticed a purple ugly thing
    85 | Abyss:2  | Noticed a tentacled starspawn
    87 | D:1      | Escaped the Abyss
   222 | D:1      | Reached * piety under Lugonu
   246 | D:1      | Reached XP level 2. HP: 16/26 MP: 2/2
   558 | D:1      | Reached skill level 1 in Dodging
   700 | D:2      | Reached XP level 3. HP: 28/33 MP: 3/3
   846 | D:2      | Noticed Ijyb
   857 | D:2      | HP: 1/33 [Ijyb/club (4)]
   858 | D:2      | Killed from afar by Ijyb

Skill      XL: |  1  2 |
---------------+-------+-----
Armour         | 2 |  2.2
Axes           | 2 |  2.2
Dodging        | 1 |  1.0
Fighting       | |  3.8
Invocations    | |  2.2

Action                   || total
-------------------------++-------
Melee: Hand axe          ||    72
Invok: Depart the Abyss  ||     1
  Use: Scroll            ||     3
       Potion            ||     1
  Eat: Chunk             ||    13
Armor: Scale mail        ||    54
Dodge: Dodged            ||    51
